 Dungeon Crawl Stone Soup version 0.18-a0-24-g6e14259 (webtiles) character file.

126 tp1 the Magician (level 4, -8/24 HPs)
             Began as a Deep Elf Conjurer on Nov 3, 2015.
             Mangled by Skaffen's ghost (15 damage)
             ... on level 3 of the Dungeon.
             The game lasted 00:08:50 (2551 turns).

tp1 the Magician (Deep Elf Conjurer)                Turns: 2551, Time: 00:08:50

Health: -8/24      AC:  4    Str:  5    XL:     4   Next: 84%
Magic:  6/14       EV: 13    Int: 21    God:
Gold:   150        SH:  0    Dex: 15    Spells: 2 memorised, 13 levels left

rFire  . . .     SeeInvis .     j - +1 dagger (flame)
rCold  . . .     Clarity  .     a - +0 robe
rNeg   . . .     SustAt   .     (no shield)
rPois  .         Gourm    +     (no helmet)
rElec  .         Spirit   .     (no cloak)
rCorr  .         Warding  .     m - +0 pair of gloves
rMut   .         Stasis   .     p - +0 pair of boots
MR     .....                    i - amulet of the gourmand
Stlth  ++........               (no ring)
                                (no ring)

@: not resistant to hostile enchantments, unstealthy
A: no striking features
a: no special abilities


You were on level 3 of the Dungeon.
You were completely stuffed.

You visited 1 branch of the dungeon, and saw 3 of its levels.

You collected 150 gold pieces.

Inventory:

Hand Weapons
 j - a +1 dagger of flaming (weapon)
Missiles
 r - 2 javelins (quivered)
Armour
 a - a +0 robe (worn)
 m - a +0 pair of gloves (worn)
 p - a +0 pair of boots (worn)
Jewellery
 i - an amulet of the gourmand (around neck)
Wands
 s - a wand of fireball (12)
Scrolls
 e - 2 scrolls of identify
 f - a scroll of random uselessness {unknown}
 k - a scroll of fear {unknown}
 l - a scroll of enchant weapon {unknown}
 q - a scroll of teleportation {unknown}
Potions
 d - a potion of heal wounds {unknown}
 g - a potion of invisibility {unknown}
 h - a potion of haste {unknown}
 n - a potion of curing {unknown}
Books
 b - a book of Conjurations

   Spells                             Type                      Level
   a - Magic Dart                     Conjuration                  1
   b - Searing Ray                    Conjuration                  2
   c - Dazzling Spray                 Conjuration/Hexes            3
   d - Fulminant Prism                Conjuration/Hexes            4
   e - Iskenderun's Mystic Blast      Conjuration                  4
   f - Iskenderun's Battlesphere      Conjuration/Charms           5
Comestibles
 c - 2 bread rations
 o - 6 chunks of flesh


   Skills:
 - Level 2.4 Dodging
 - Level 2.4 Stealth
 - Level 6.5 Spellcasting
 + Level 4.8 Conjurations


You had 13 spell levels left.
You knew the following spells:

 Your Spells              Type           Power        Failure   Level  Hunger
a - Magic Dart            Conj           ####         1%          1    None
b - Searing Ray           Conj           ####..       1%          2    None


Dungeon Overview and Level Annotations

Branches:
Dungeon (3/15)

Altars:
Sif Muna

Annotations:
D:3 Skaffen's ghost, amateur DsGl


Message History

Aim: Skaffen's ghost (heavily damaged)
The searing ray hits Skaffen's ghost.
Skaffen's ghost is heavily damaged.
Skaffen's ghost hits you!
Ouch! That really hurt!
Read which item? (? for menu, Esc to quit)
As you read the scroll labeled ZUOFRU HEDDOABIEPT, it crumbles to dust.
It is a scroll of identify.
Identify which item? (\ to view known items) (? for menu, Esc to quit)
s - a wand of fireball (13) Skaffen's ghost hits you.
* * * LOW HITPOINT WARNING * * *
Evoke which item? (* to show all) (? for menu, Esc to quit)
Zapping:
s - a wand of fireball (13)
Press: ? - help, Shift-Dir - straight line, p - Skaffen's ghost The fireball explodes!
The fireball engulfs Skaffen's ghost.
Skaffen's ghost is severely damaged.
This wand has 12 charges left.
Skaffen's ghost hits you!
Ouch! That really hurt!
You die...

#.##..(...# #....###..
#.........###..##.(...
###..##.................
.....)..................
###..##..........##....#
...........#####.##....#
####.......# #.......#
#.##.#..# #W.....##
.........# #@.....#
###......## ##...#.#
#......# .....# .....
...### ####


You could see Skaffen's ghost.

Vanquished Creatures
  Jessica (D:3)
  Terence (D:3)
  2 adders (D:2)
  An ooze (D:2)
  A ball python (D:1)
  8 goblins
  8 hobgoblins
  A quokka (D:2)
  5 bats
  8 giant cockroaches
  3 giant geckos
  3 giant newts
  4 kobolds
  2 rats
48 creatures vanquished.

Notes
Turn   | Place    | Note
--------------------------------------------------------------
     0 | D:1      | tp1 the Deep Elf Conjurer began the quest for the Orb.
     0 | D:1      | Reached XP level 1. HP: 10/10 MP: 6/6
   232 | D:1      | Reached XP level 2. HP: 15/15 MP: 5/8
   236 | D:1      | Learned a level 2 spell: Searing Ray
   573 | D:1      | You fall through a shaft!
  1146 | D:2      | Reached skill level 5 in Spellcasting
  1146 | D:2      | Reached XP level 3. HP: 19/19 MP: 6/11
  1382 | D:2      | Found a deep blue altar of Sif Muna.
  2089 | D:2      | Reached XP level 4. HP: 24/24 MP: 10/13
  2351 | D:2      | Found a deep blue altar of Sif Muna.
  2355 | D:2      | Reached skill level 6 in Spellcasting
  2390 | D:3      | Noticed Jessica
  2393 | D:3      | Killed Jessica
  2465 | D:3      | Noticed Skaffen's ghost (amateur DsGl)
  2505 | D:3      | Noticed Terence
  2522 | D:3      | Killed Terence
  2551 | D:3      | Mangled by Skaffen's ghost

Vault maps used:
D:1:      dpeg_arrival_tiny_a
D:2:      led_sif_pool, kennysheep_generic_room_7
D:3:      first_bread, uniq_terence, uniq_jessica

Action                   |  1- 3 |  4- 6 || total
-------------------------+-------+-------++-------
Melee: Dagger            |     1 |       ||     1
Throw: Javelin           |     1 |       ||     1
 Cast: Magic Dart        |    82 |    13 ||    95
       Searing Ray       |     1 |     4 ||     5
Evoke: Wand              |       |     1 ||     1
  Use: Scroll            |       |     1 ||     1
  Eat: Chunk             |    16 |     1 ||    17
